 Dungeon Crawl Stone Soup version 0.30-b1-2-g02819fbbbe (webtiles) character file.

Game seed: 15827075015104053748

39 keeper01 the Trooper (level 3, -3/33 HPs)
             Began as a Hill Orc Fighter on July 5, 2023.
             Killed from afar by Terence (10 damage)
             ... with a bolt of light
             ... on level 2 of the Dungeon.
             The game lasted 00:10:42 (1536 turns).

keeper01 the Trooper (Hill Orc Fighter)             Turns: 1536, Time: 00:10:43

Health: -3/33      AC:  7    Str: 20    XL:     3   Next: 45%
Magic:  3/3        EV:  9    Int:  8    God:
Gold:   76         SH:  4    Dex: 10    Spells: 2/2 levels left

rFire   . . .        a - +0 war axe
rCold   . . .        c - +0 buckler
rNeg    . . .        b - +0 scale mail
rPois   .            (no helmet)
rElec   .            (no cloak)
rCorr   .            (no gloves)
SInv    .            (no boots)
Will    .....        (no amulet) Stlth
                     f - ring of flight
HPRegen 0.25/turn    (no ring)
MPRegen 0.08/turn

%: no passive effects
@: flying
A: no striking features
a: no special abilities


You were on level 2 of the Dungeon.
You visited 1 branch of the dungeon, and saw 2 of its levels.

You collected 76 gold pieces.

Inventory:

Hand Weapons
 a - a +0 war axe (weapon)
Armour
 b - a +0 scale mail (worn)
 c - a +0 buckler (worn)
 i - an orb of energy
Jewellery
 f - a ring of flight (left hand)
Scrolls
 e - 2 scrolls of identify {unknown}
Potions
 d - a potion of might
 g - a potion of cancellation {unknown}
 h - a potion of lignification {unknown}
 j - a potion of brilliance {unknown}


   Skills:
 + Level 4.0 Fighting
 + Level 3.6 Axes
 + Level 3.8 Armour
 + Level 0.1 Dodging
 + Level 3.5 Shields


You had 2 spell levels left.
You didn't know any spells.
Your spell library contained the following spells:

 Spells                   Type           Power      Damage    Failure   Level
 Dazzling Flash           Conj/Hex       0%         N/A       99%         3
 Volatile Blastmotes      Fire/Tloc      0%         2d10      99%         3
 Iskenderun's Mystic Bla  Conj/Tloc      0%         2d3       100%        4
 Starburst                Conj/Fire      0%         6d3       100%        6


Dungeon Overview and Level Annotations

Branches:
Dungeon (2/15)

Altars:

Shops:
D:1 (?

Annotations:
D:2 Terence


Message History

There is a stone staircase leading up here.
A quokka comes into view.
The quokka bites you but does no damage.
You closely miss the quokka. You block the quokka's attack.
You slash the quokka!
You kill the quokka!
Found a grey potion and a yellow potion.
g - a grey potion
Found 6 gold pieces.
j - a yellow potion An orc comes into view.
It is wielding a +0 mace.
You slash the orc!
You kill the orc!
Your Fighting skill increases to level 4!
Things that are here:
a +0 mace; a +0 leather armour; an orc corpse You now have 76 gold pieces (gained 6).
Things that are here:
a +0 mace; a +0 leather armour; an orc corpse A goblin comes into view.
It is wielding a +0 dagger.
The goblin shouts!
You slash the goblin!
You kill the goblin!
Terence the Incautious comes into view.
He is wielding a +0 hand axe, wearing a +0 chain mail of poison resistance and carrying a wand of light (6).
Terence moves out of view.
Terence shouts!
You block Terence's attack.
You hit Terence but do no damage.
Terence zaps a wand.
The bolt of light hits you!
You are confused.
You bump into the rock wall.
Terence hits you with a +0 hand axe!
You bump into the rock wall.
You feel less confused. Terence hits you but does no damage.
You hit Terence.
Terence is lightly wounded.
Terence hits you with a +0 hand axe! Terence hits you with a +0 hand axe.
* * * LOW HITPOINT WARNING * * *
Terence zaps a wand.
The bolt of light hits you!
You die...

#.#.#.#####.# #
#.#.# .. #.#.#.#
#.#.#.# #.....#
###.### #...#
#.################
#.####.........@.#
#.#.......#.##)#@#
#.#.##.##.#.##.#.#
#.#.##.##.#.##....
#.)....##.#.####.##
###.#####.#.. ..#
#.#####.### ###
#.......# #########


You could see Terence.

Vanquished Creatures
  3 dart slugs (D:1)
  An orc (D:2)
  5 endoplasms (D:1)
  A goblin (D:2)
  3 hobgoblins (D:1)
  3 jackals (D:1)
  2 quokkas
  A ball python (D:1)
  5 bats (D:1)
  4 kobolds (D:1)
  2 rats (D:1)
30 creatures vanquished.

Notes
Turn   | Place    | Note
-------+----------+-------------------------------------------
     0 | D:1      | keeper01 the Hill Orc Fighter began the quest for the Orb.
     0 | D:1      | Reached XP level 1. HP: 19/19 MP: 1/1
   376 | D:1      | Reached XP level 2. HP: 16/27 MP: 2/2
   681 | D:1      | Found Xogiats's Weapon Emporium.
   989 | D:1      | Reached XP level 3. HP: 33/33 MP: 3/3
  1049 | D:1      | Found Viuraf's Magic Scroll Emporium.
  1497 | D:2      | Reached skill level 4 in Fighting
  1529 | D:2      | Noticed Terence
  1536 | D:2      | Killed from afar by Terence

Illustrated notes

Levels and vault maps discovered:
D:1:      enne_arrival_octagon_isle, layout_loops_ring, serial_shops,
          shop_statue, nicolae_shop_rolled_up, nicolae_hexahallways,
          chequers_serial_rivers_small_a
D:2:      layout_loops_cross, uniq_natasha, uniq_robin, uniq_terence

Skill      XL: |  1  2  3 |
---------------+----------+-----
Axes           | 3 |  3.6
Fighting       | 4 |  4.0
Armour         | |  3.8
Dodging        | |  0.1
Shields        | |  3.5

Action                     || total
---------------------------++-------
  Melee: War axe           ||    81
    Use: Scroll            ||     2
 Armour: Scale mail        ||    56
  Dodge: Dodged            ||    50
  Block: Buckler           ||    22
